[Event "*** Titled Tuesday Blitz"]
[Site "Chess.com"]
[Date "2020.11.03"]
[Round "3"]
[White "SGchess01"]
[Black "doons21"]
[Result "1/2-1/2"]
[WhiteElo "2838"]
[BlackElo "2595"]
[TimeControl "180+1"]
[EndTime "10:34:22 PST"]
[Termination "Game drawn by 50-move rule"]

1. d4 Nf6 2. c4 g6 3. Nc3 Bg7 4. e4 O-O 5. f3 d6 6. Be3 Nbd7 7. Qd2 e5 8. Nge2 a6 9. O-O-O b5 10. g4 bxc4 11.
Bh6 exd4 12. Nxd4 Ne5 13. Be2 c5 14. Nc2 Be6 15. h4 Nd3+ 16. Bxd3 cxd3 17. Na3 Bxh6 18. Qxh6 Kh8 19. h5 Ng8 20. Qe3 g5 21. Qxd3 Qf6 22.
Rhf1 Rab8 23. Qxd6 Rb4 24. Nc2 Rbb8 25. Qxc5 Bxa2 26.
Qd4 Qxd4 27. Nxd4 Bc4 28. Rfe1 Ne7 29. Nf5 Ng8 30. Rd6 Rfc8 31. Ne3 Be6 32. Rxa6 Rc7 33. Nd5 Rcb7 34. Re2 Kg7 35. Rd2 h6 36. Ne3 Rc8 37. Nf5+ Bxf5 38. exf5 Nf6 39. Kb1 Rxc3 40. Rdd6 Ne8 41.
Rd8 Nc7 42. f6+ Kh7 43. Rad6 Ne6 44. R8d7 Rcb3 45. Rxb7 Rxb7 46. Kc2 Kg8 47. b3 Kf8 48. Kb2 Ke8 49. Ra6 Rxb3+ 50. Kc2 Rb7 51. Ra8+ Kd7 52.
Rh8 Kd6 53. Rxh6 Ke5 54. Kd3 Rb3+ 55. Ke2 Kf4 56. Rh7 Nd4+ 57. Kd2 Nxf3+ 58. Kc2 Rb7 59. h6 Nd4+ 60. Kd3 Ne6 61. Rh8 Rd7+ 62. Kc4 Rd1 63. h7 Rh1 64. Kd5 Kxg4 65. Kd6 Kf5 66. Ke7 Rh6 67.
Kxf7 Rxf6+ 68. Ke7 Rh6 69. Kf7 Ke5 70. Ke7 g4 71.
Kd7 g3 72. Kc8 g2 73. Rg8 Rxh7 74. Rxg2 Rc7+ 75. Kb8 Rc4 76. Re2+ Kd6 77. Rd2+ Kc6 78. Rh2 Rb4+ 79. Kc8 Ra4 80. Rc2+ Nc5 81. Kd8 Ra7 82. Ke8 Kd6 83. Rd2+ Ke5 84. Re2+ Ne4 85. Kd8 Kf5 86. Kc8 Rh7 87. Kb8 Nd6 88. Re1 Ne4 89.
Kc8 Ke5 90. Kb8 Kd5 91. Rd1+ Kc6 92. Rc1+ Nc5 93. Rc2 Rh8+ 94. Ka7 Re8 95. Rc1 Re7+ 96. Kb8 Rb7+ 97. Ka8 Rh7 98. Kb8 Kb6 99. Rb1+ Kc6 100.
Rc1 Rg7 101. Rc2 Rg8+ 102. Ka7 Rc8 103. Rc1 Rc7+ 104. Kb8 Rb7+ 105. Ka8 Rb5 106. Rc2 Kb6 107. Rc1 Nd7 108. Ra1 Kc6 109. Rc1+ Nc5 110. Ka7 Ra5+ 111. Kb8 Kb6 112. Rb1+ Kc6 113. Rc1 Rb5+ 114. Kc8 Ra5 115. Kd8 Kd6 116. Ke8 Ne4 117. Rd1+ Ke5 118. Re1 Ra7 119. Kd8 Kf5 120. Rf1+ Ke6 121. Re1 Kd5 122. Ke8 Nd6+ 123. Kf8 Rf7+ 124. Kg8 1/2-1/2

[Event "*** Titled Tuesday Blitz"]
[Site "Chess.com"]
[Date "2020.11.03"]
[Round "4"]
[White "Triumphmate"]
[Black "shaheus"]
[Result "1-0"]
[WhiteElo "2389"]
[BlackElo "2138"]
[TimeControl "180+1"]
[EndTime "10:36:23 PST"]
[Termination "Triumphmate won by resignation"]

1. e4 d5 2. exd5 Nf6 3. Nc3 Nxd5 4. Bc4 e6 5. Qf3 c6 6. Nge2 Nd7 7. d3 Ne5 8. Qg3 Nxc4 9. dxc4 Nf6 10. Bd2 b6 11. O-O-O Qe7 12. Bf4 Nh5 13. Qf3 Nxf4 14. Qxc6+ Bd7 15. Qxa8+ Qd8 16. Qxd8+ Kxd8 17. Nxf4 1-0

[Event "*** Titled Tuesday Blitz"]
[Site "Chess.com"]
[Date "2020.11.03"]
[Round "4"]
[White "1stSecond"]
[Black "Jeffinho023"]
[Result "1-0"]
[WhiteElo "2771"]
[BlackElo "2554"]
[TimeControl "180+1"]
[EndTime "10:36:49 PST"]
[Termination "1stSecond won by resignation"]

1. d4 Nf6 2. Bg5 e6 3. Nd2 d5 4. c4 c6 5. Ngf3 Nbd7 6. e3 h6 7. Bh4 Be7 8. Rc1 O-O 9. Bd3 b6 10. cxd5 cxd5 11. Bg3 Nh5 12. Bc7 Qe8 13. Ne5 Nhf6 14.
Bb5 Bb7 15. Qa4 Nxe5 16. dxe5 1-0

[Event "*** Titled Tuesday Blitz"]
[Site "Chess.com"]
[Date "2020.11.03"]
[Round "4"]
[White "Agoking701"]
[Black "ailime26"]
[Result "1-0"]
[WhiteElo "2366"]
[BlackElo "1901"]
[TimeControl "180+1"]
[EndTime "10:37:01 PST"]
[Termination "Agoking701 won by resignation"]

1. e4 c5 2. Nf3 Nc6 3. c4 g6 4. d4 cxd4 5. Nxd4 Bg7 6. Be3 Nf6 7. Nc3 O-O 8. Be2 Qc7 9. O-O a6 10. f4 d6 11. Rc1 e5 12. Nxc6 Qxc6 13. fxe5 dxe5 14.
Nd5 Nxe4 15. Ne7+ 1-0

[Event "*** Titled Tuesday Blitz"]
[Site "Chess.com"]
[Date "2020.11.03"]
[Round "4"]
[White "AniJak"]
[Black "Snegokhod"]
[Result "0-1"]
[WhiteElo "2317"]
[BlackElo "2477"]
[TimeControl "180+1"]
[EndTime "10:37:27 PST"]
[Termination "Snegokhod won by resignation"]

1. e4 e5 2. Nc3 f5 3. d3 Nf6 4. g3 d5 5. exd5 c6 6. dxc6 Bc5 7. Bg2 Nxc6 8. Nge2 O-O 9. O-O Kh8 10. Kh1 Ng4 11. Qe1 Qe8 12. Na4 Bd6 13. f4 Nb4 14. Qd1 Qxa4 15. fxe5 Bxe5 16. d4 Bd6 17. Bg5 Qxc2 18. Qe1 Nd3 19. Qa5 Qxe2 0-1

[Event "*** Titled Tuesday Blitz"]
[Site "Chess.com"]
[Date "2020.11.03"]
[Round "4"]
[White "GigaQuparadze"]
[Black "TrickyFortem"]
[Result "1-0"]
[WhiteElo "2861"]
[BlackElo "2554"]
[TimeControl "180+1"]
[EndTime "10:37:42 PST"]
[Termination "GigaQuparadze won by resignation"]

1. e4 c5 2. Ne2 d6 3. g3 Nf6 4.
Bg2 Nc6 5. c3 e5 6. d4 Be7 7.
dxc5 dxc5 8. Qxd8+ Bxd8 9. Be3 b6 10. h3 Be6 11. g4 Nd7 12. Nd2 Bc7 13. Ng3 f6 14. Nf5 Kf7 15. O-O g6 16. Rfd1 Rad8 17. Nf1 Ndb8 18. Nh6+ Kg7 19. Ng3 Na5 20. b3 Nbc6 21. h4 Nb7 22. g5 Nd6 23. gxf6+ Kxf6 24. Bg5+ Kg7 25. Nhf5+ Nxf5 26. exf5 Rxd1+ 27. Rxd1 Bxf5 1-0

[Event "*** Titled Tuesday Blitz"]
[Site "Chess.com"]
[Date "2020.11.03"]
[Round "4"]
[White "Sven_Tica"]
[Black "elohunter1999"]
[Result "0-1"]
[WhiteElo "2680"]
[BlackElo "2499"]
[TimeControl "180+1"]
[EndTime "10:37:56 PST"]
[Termination "elohunter1999 won by resignation"]

1. d4 d5 2. c4 c6 3. Nf3 Nf6 4. Qc2 dxc4 5. Qxc4 Bg4 6. Nbd2 Nbd7 7. g3 e6 8. Bg2 Be7 9. O-O O-O 10. Qb3 Qb6 11. Nc4 Qa6 12. Bf4 Rfd8 13. Rac1 Nb6 14. Bc7 Bxf3 15.
Bxf3 Rxd4 16. Nxb6 axb6 17. Bxb6 Rb4 0-1

[Event "*** Titled Tuesday Blitz"]
[Site "Chess.com"]
[Date "2020.11.03"]
[Round "4"]
[White "Semen_Khanin"]
[Black "tptagain"]
[Result "0-1"]
[WhiteElo "2780"]
[BlackElo "2962"]
[TimeControl "180+1"]
[EndTime "10:38:05 PST"]
[Termination "tptagain won by resignation"]

1. e4 g6 2. d4 Bg7 3. Nf3 d6 4. Be3 Nf6 5. Nc3 O-O 6. Qd2 Nc6 7. d5 Ne5 8. Nxe5 dxe5 9. Bh6 e6 10. O-O-O exd5 11. exd5 a6 12. Be2 b5 13. a3 Qd6 14. h4 b4 15. axb4 Qxb4 16. Bxg7 Kxg7 17. h5 Rb8 18. b3 Qa3+ 19. Kb1 Bf5 20. Bd3 e4 21. Bxe4 Nxe4 22.
Nxe4 Rxb3+ 0-1

[Event "*** Titled Tuesday Blitz"]
[Site "Chess.com"]
[Date "2020.11.03"]
[Round "4"]
[White "Zq1"]
[Black "oskariot"]
[Result "1-0"]
[WhiteElo "2514"]
[BlackElo "2701"]
[TimeControl "180+1"]
[EndTime "10:38:10 PST"]
[Termination "Zq1 won by resignation"]

1. d4 Nf6 2. c4 c6 3. Bf4 g6 4. e3 Bg7 5. Nc3 O-O 6. h3 a6 7.
Nf3 b5 8. a3 Bb7 9. Be2 bxc4 10. Bxc4 d6 11. O-O a5 12. Bh2 Ba6 13. Qe2 Qb6 14. Rab1 Bxc4 15. Qxc4 Qa6 16. Qa2 Nbd7 17. e4 Nb6 18. e5 dxe5 19. Nxe5 Nbd5 20. Rbc1 Rfc8 21.
Rfe1 e6 22. Na4 Qa7 23. Qc4 Nb6 24. Nxb6 Qxb6 25. Nxc6 Nd5 26. b4 axb4 27. axb4 Nxb4 28. Ne7+ 1-0

[Event "*** Titled Tuesday Blitz"]
[Site "Chess.com"]
[Date "2020.11.03"]
[Round "4"]
[White "Bodnar_Mykola"]
[Black "oogee"]
[Result "1-0"]
[WhiteElo "2409"]
[BlackElo "2213"]
[TimeControl "180+1"]
[EndTime "10:38:10 PST"]
[Termination "Bodnar_Mykola won by checkmate"]

1. e4 c5 2. Nf3 d6 3. d4 cxd4 4. Nxd4 Nf6 5. Nc3 a6 6. Bg5 Nbd7 7. Bc4 e6 8. O-O Qc7 9. Bxe6 fxe6 10. Nxe6 Qa5 11.
Nd5 Nxd5 12. exd5 Ne5 13. b4 Qb6 14. Be3 Bxe6 15. Bxb6 Bf7 16. f4 Ng6 17. Re1+ Be7 18. f5 Ne5 19. Rxe5 dxe5 20. d6 Bd8 21. d7+ Ke7 22.
Bc5+ Kf6 23. Qd6+ Kxf5 24. Rf1+ Ke4 25. Qd3# 1-0

[Event "*** Titled Tuesday Blitz"]
[Site "Chess.com"]
[Date "2020.11.03"]
[Round "4"]
[White "NefeLV"]
[Black "profofchess"]
[Result "0-1"]
[WhiteElo "1762"]
[BlackElo "2363"]
[TimeControl "180+1"]
[EndTime "10:38:18 PST"]
[Termination "profofchess won by resignation"]

1. c4 e5 2. Nc3 Nc6 3. g3 Bc5 4. Bg2 a6 5. Nf3 d6 6. d3 Nf6 7. e3 Ba7 8. a3 Bg4 9. b4 O-O 10. O-O Qd7 11. Qb3 Bh3 12. b5 axb5 13. Nxb5 Bb6 14. Bd2 Bxg2 15. Kxg2 e4 16. Nfd4 Ne5 17.
dxe4 Nxe4 18. Bb4 c5 19. Ne2 cxb4 20. axb4 Nd2 0-1

[Event "*** Titled Tuesday Blitz"]
[Site "Chess.com"]
[Date "2020.11.03"]
[Round "4"]
[White "PSvidler"]
[Black "PavlovDanila"]
[Result "1-0"]
[WhiteElo "2897"]
[BlackElo "2670"]
[TimeControl "180+1"]
[EndTime "10:38:19 PST"]
[Termination "PSvidler won by resignation"]

1. e4 e6 2. d4 d5 3. Nd2 Nf6 4. e5 Nfd7 5. c3 c5 6. Bd3 Nc6 7. Ne2 cxd4 8. cxd4 f6 9. exf6 Nxf6 10. O-O Bd6 11.
f4 Qb6 12. Nf3 O-O 13. Kh1 Ne4 14. Nc3 Nxc3 15. bxc3 Bxf4 16. Bxf4 Rxf4 17. Bxh7+ Kh8 18. Ng5 Rxf1+ 19. Qxf1 Bd7 20. Qf7 Qb2 21. Rf1 1-0

[Event "*** Titled Tuesday Blitz"]
[Site "Chess.com"]
[Date "2020.11.03"]
[Round "4"]
[White "xamax2000"]
[Black "goldenpuppy"]
[Result "1-0"]
[WhiteElo "2662"]
[BlackElo "2353"]
[TimeControl "180+1"]
[EndTime "10:38:33 PST"]
[Termination "xamax2000 won by checkmate"]

1. d4 Nf6 2. c4 e6 3. Nf3 c5 4. d5 exd5 5. cxd5 d6 6. Nc3 g6 7. g3 Bg7 8. Bg2 O-O 9. O-O Re8 10.
a4 b6 11. Nd2 Ba6 12. Re1 Nbd7 13. h3 Ne5 14. Nb5 h6 15. f4 Ned7 16. Nxd6 Re3 17.
N2e4 Nxe4 18. Nxe4 Bd4 19. Kh2 f5 20. Bxe3 Bxe3 21.
Nc3 Qf6 22. d6 Rf8 23. Nd5 Qd4 24. Nxe3 Qxe3 25. Qd5+ Kh8 26. Rad1 Nf6 27. Qe5 Qf2 28. d7 Bb7 29. Qxf6+ Kh7 30. Qe7+ Kg8 31. Qxf8+ Kxf8 32. d8=Q+ Kf7 33. Rd7+ Ke6 34. Qe7# 1-0

[Event "*** Titled Tuesday Blitz"]
[Site "Chess.com"]
[Date "2020.11.03"]
[Round "4"]
[White "mortngabriel"]
[Black "Michaelson_11"]
[Result "1-0"]
[WhiteElo "2325"]
[BlackElo "2138"]
[TimeControl "180+1"]
[EndTime "10:38:41 PST"]
[Termination "mortngabriel won by resignation"]

1. e4 c5 2. Nc3 Nc6 3. Bb5 g6 4. Bxc6 dxc6 5. f4 Bg7 6. Nf3 b5 7. d3 b4 8. Na4 c4 9. dxc4 Qxd1+ 10. Kxd1 Ba6 11. Bd2 Rd8 12. Kc1 Bxc4 13. Bxb4 Nf6 14.
Re1 Nd7 15. Bc3 f6 16. b3 Bb5 17. Nb2 O-O 18. Nd4 Nc5 19. b4 f5 20. Nxb5 cxb5 21. Bxg7 1-0

[Event "*** Titled Tuesday Blitz"]
[Site "Chess.com"]
[Date "2020.11.03"]
[Round "4"]
[White "sergiochess83"]
[Black "PIwan"]
[Result "1-0"]
[WhiteElo "2781"]
[BlackElo "2525"]
[TimeControl "180+1"]
[EndTime "10:38:45 PST"]
[Termination "sergiochess83 won by resignation"]

1. e4 e6 2. d4 d5 3. Nc3 Nf6 4. e5 Nfd7 5. f4 c5 6. Nf3 Nc6 7. Be3 Be7 8. Qd2 O-O 9. dxc5 Nxc5 10. O-O-O b6 11. Bb5 Bb7 12. Bxc6 Bxc6 13. Nd4 Bb7 14. f5 Qd7 15. Rhf1 Rfc8 16. f6 gxf6 17. exf6 Bf8 18.
Bh6 Kh8 19. Rf3 Ne4 20. Nxe4 dxe4 21. Bxf8 Rxf8 22. Qh6 1-0

[Event "*** Titled Tuesday Blitz"]
[Site "Chess.com"]
[Date "2020.11.03"]
[Round "4"]
[White "MFBerna"]
[Black "ZverevLev"]
[Result "0-1"]
[WhiteElo "2407"]
[BlackElo "2260"]
[TimeControl "180+1"]
[EndTime "10:38:46 PST"]
[Termination "ZverevLev won by resignation"]

1. b3 e5 2. Nf3 e4 3. Ng1 d5 4. e3 Nf6 5. Bb2 Bd6 6. d3 O-O 7.
Nd2 Re8 8. Ne2 Ng4 9. dxe4 dxe4 10. Nc4 Bb4+ 11. Nc3 Qf6 12. Qd2 Rd8 13. Qxd8+ Qxd8 14. Rd1 Qf6 15. Rd2 Bxc3 16. Bxc3 Qxc3 0-1

[Event "*** Titled Tuesday Blitz"]
[Site "Chess.com"]
[Date "2020.11.03"]
[Round "4"]
[White "swimmerchess"]
[Black "PotapovaM"]
[Result "1-0"]
[WhiteElo "2851"]
[BlackElo "2599"]
[TimeControl "180+1"]
[EndTime "10:38:54 PST"]
[Termination "swimmerchess won by resignation"]

1. e4 c5 2. Nf3 d6 3. d4 cxd4 4.
Nxd4 Nf6 5. Nc3 a6 6. Bg5 e6 7. f4 h6 8. Bh4 Qb6 9. a3 Be7 10. Bf2 Qc7 11. Qf3 b5 12. O-O-O Bb7 13. g4 Nbd7 14. h4 h5 15. g5 Ng4 16. g6 O-O-O 17.
gxf7 Nc5 18. Bh3 Kb8 19. Bxg4 hxg4 20. Qxg4 Nxe4 21. Nxe4 Bxe4 22. Rhe1 d5 23. Qxe6 Rc8 24. Qxa6 Bxc2 25. Nc6+ 1-0

[Event "*** Titled Tuesday Blitz"]
[Site "Chess.com"]
[Date "2020.11.03"]
[Round "4"]
[White "Loy_Konstantin"]
[Black "pfalcon1949"]
[Result "1-0"]
[WhiteElo "2374"]
[BlackElo "1972"]
[TimeControl "180+1"]
[EndTime "10:38:55 PST"]
[Termination "Loy_Konstantin won by resignation"]

1. e4 c6 2. d4 d5 3. exd5 cxd5 4.
c4 Nf6 5. Nc3 Nc6 6. Bg5 dxc4 7.
Bxc4 e6 8. Nf3 Be7 9. O-O Bd7 10.
a3 O-O 11. Qd3 a6 12. Rac1 Na5 13. Ba2 b5 14. b4 Nb7 15. Bb1 g6 16. Ne5 Rc8 17.
Bh6 Re8 18. Rfe1 Nd6 19. Ba2 Nf5 20. Bg5 Nd5 21. Bxe7 Nfxe7 22. Ne4 Rxc1 23. Rxc1 Nf4 24. Qf3 Ned5 25. Bxd5 Nxd5 26. Qxf7+ Kh8 27. Qxd7 1-0

[Event "*** Titled Tuesday Blitz"]
[Site "Chess.com"]
[Date "2020.11.03"]
[Round "4"]
[White "ciucas1892"]
[Black "CarlssonLudvig"]
[Result "0-1"]
[WhiteElo "2264"]
[BlackElo "2442"]
[TimeControl "180+1"]
[EndTime "10:39:02 PST"]
[Termination "CarlssonLudvig won by resignation"]

1. d4 Nf6 2. Nf3 d5 3. g3 Bf5 4. Bg2 e6 5. O-O c6 6. c4 dxc4 7. a4 Be7 8. Na3 O-O 9. Nxc4 Na6 10. h3 Nb4 11. g4 Be4 12. Bf4 Nfd5 13. Bg3 a5 14.
Rc1 Nb6 15. Qd2 Nxa4 16. Ra1 Nb6 17. Nxa5 Rxa5 18. Rxa5 Nc4 19. Qf4 Bxf3 20. Bxf3 Qxa5 0-1

[Event "*** Titled Tuesday Blitz"]
[Site "Chess.com"]
[Date "2020.11.03"]
[Round "4"]
[White "Ermito2020"]
[Black "dpopadic"]
[Result "0-1"]
[WhiteElo "2580"]
[BlackElo "2424"]
[TimeControl "180+1"]
[EndTime "10:39:04 PST"]
[Termination "dpopadic won by resignation"]

1. e4 c5 2. Nf3 Nc6 3. d4 cxd4 4. Nxd4 Nf6 5. Nc3 e5 6. Ndb5 d6 7. Bg5 a6 8. Na3 b5 9. Nd5 Be7 10. Bxf6 Bxf6 11. c4 b4 12. Nc2 O-O 13. Be2 Rb8 14.
O-O b3 15. axb3 Rxb3 16. Rb1 Bg5 17. Ne1 Rb8 18. Nf3 Bh6 19. b4 Be6 20. b5 axb5 21.
cxb5 Ne7 22. Nxe7+ Qxe7 23. b6 Kh8 24. Qa4 f5 25. Bc4 fxe4 26. Bxe6 exf3 27. Bd5 fxg2 28. Bxg2 Bf4 29. b7 Qh4 30. h3 Bh2+ 0-1

[Event "*** Titled Tuesday Blitz"]
[Site "Chess.com"]
[Date "2020.11.03"]
[Round "4"]
[White "DryCounty"]
[Black "GOGIEFF"]
[Result "0-1"]
[WhiteElo "2572"]
[BlackElo "2898"]
[TimeControl "180+1"]
[EndTime "10:39:09 PST"]
[Termination "GOGIEFF won by resignation"]

1. e4 c5 2. Nf3 d6 3. d4 cxd4 4. Nxd4 Nf6 5. Nc3 a6 6. Be2 Nbd7 7. O-O e6 8. a4 b6 9. Be3 Bb7 10. f3 Qc7 11. Qd2 Be7 12. a5 b5 13. Ndxb5 axb5 14. Nxb5 Qb8 15. Rfd1 d5 16. e5 Nxe5 17. Bb6 Bd8 18. Qb4 Nc6 19. Qc5 Be7 20. Qf2 O-O 21. Nc7 Rxa5 22. Bxa5 Nxa5 23. Nxe6 fxe6 24. Rxa5 Ng4 25. Qg3 Bd8 26. Rb5 Qa7+ 27. Kf1 Ne3+ 28. Ke1 Nxc2+ 29. Kd2 Nd4 30. Qf2 Bb6 0-1

[Event "*** Titled Tuesday Blitz"]
[Site "Chess.com"]
[Date "2020.11.03"]
[Round "4"]
[White "Iball95"]
[Black "ChronicUnhappiness"]
[Result "0-1"]
[WhiteElo "2582"]
[BlackElo "2358"]
[TimeControl "180+1"]
[EndTime "10:39:11 PST"]
[Termination "ChronicUnhappiness won by resignation"]

1. e4 c5 2. Nf3 Nc6 3. Nc3 e5 4. Bc4 Be7 5. d3 d6 6. O-O Nf6 7. Ng5 O-O 8. f4 Bg4 9. Qe1 h6 10. Qg3 exf4 11. Bxf4 hxg5 12. Bxg5 Ne5 13. Bxf6 Bxf6 14.
Nd5 Bh4 15. Qf4 Qg5 16. h3 Be6 17. Nc7 Nxc4 18. Nxa8 Ne3 0-1

[Event "*** Titled Tuesday Blitz"]
[Site "Chess.com"]
[Date "2020.11.03"]
[Round "4"]
[White "Rakesh"]
[Black "Sueetin"]
[Result "1-0"]
[WhiteElo "2464"]
[BlackElo "2305"]
[TimeControl "180+1"]
[EndTime "10:39:14 PST"]
[Termination "Rakesh won by resignation"]

1. e4 e6 2. d4 d5 3. Bd3 Nc6 4. Nf3 dxe4 5. Bxe4 Nf6 6. Bd3 Nb4 7. Be2 c5 8. c3 Nc6 9. Be3 Nd5 10. Bg5 Qb6 11. c4 Nf6 12. d5 Qxb2 13. dxc6 Qxa1 14. c7 Be7 15. O-O O-O 16. Qc2 e5 17. Nc3 Bf5 18. Qb3 Qxf1+ 19. Bxf1 b6 20. Bxf6 Bxf6 21. Nd5 1-0

[Event "*** Titled Tuesday Blitz"]
[Site "Chess.com"]
[Date "2020.11.03"]
[Round "4"]
[White "Mikhal867"]
[Black "starworld123"]
[Result "1-0"]
[WhiteElo "2371"]
[BlackElo "2651"]
[TimeControl "180+1"]
[EndTime "10:39:19 PST"]
[Termination "Mikhal867 won by checkmate"]

1. c4 e6 2. g3 d5 3. Bg2 Nf6 4.
Nf3 d4 5. O-O c5 6. d3 Nc6 7. e3 Bd6 8. exd4 cxd4 9. Re1 O-O 10. a3 a5 11. Bg5 h6 12. Bxf6 Qxf6 13. Nbd2 Qd8 14. Ne4 Be7 15. Re2 e5 16. Qe1 Bg4 17. h3 Bf5 18. g4 Bg6 19. Rb1 a4 20. Rd1 f6 21. Nh4 Bh7 22. Ng3 Qa5 23. Be4 Qxe1+ 24. Rexe1 Bxe4 25. Nxe4 Nd8 26. Nf5 Rf7 27. f4 exf4 28. Nxe7+ Rxe7 29. Nxf6+ Kf7 30. Rxe7+ Kxe7 31. Nd5+ Kd6 32. Nxf4 g5 33. Nd5 Ne6 34. Re1 Nc5 35. Nb4 Rf8 36. Rf1 Re8 37. Rf6+ Ke5 38. Rf5+ Kd6 39. Rd5+ Ke6 40. Rxc5 Rf8 41. Rf5 Re8 42.
Nc2 Kd6 43. Nxd4 Re3 44. Rf3 Re1+ 45. Kg2 Rd1 46. Nf5+ Ke5 47. Re3+ Kf4 48. Re4# 1-0

[Event "*** Titled Tuesday Blitz"]
[Site "Chess.com"]
[Date "2020.11.03"]
[Round "4"]
[White "johnathan113"]
[Black "Atousa1"]
[Result "0-1"]
[WhiteElo "2611"]
[BlackElo "2424"]
[TimeControl "180+1"]
[EndTime "10:39:20 PST"]
[Termination "Atousa1 won by resignation"]

1. c4 e6 2. Nf3 d5 3. e3 Nf6 4. b3 c5 5. g3 Be7 6. Bg2 O-O 7. O-O Nc6 8. Bb2 b6 9. Nc3 Bb7 10. cxd5 exd5 11. d4 Rc8 12. Rc1 Re8 13. Bh3 Rb8 14.
Bg2 h6 15. Qd2 cxd4 16. Nxd4 Nxd4 17. Qxd4 Bc5 18. Qd3 d4 19. Bxb7 dxc3 20. Qxc3 Rxb7 21. Rfd1 Qe7 22. Qc4 Rd7 23. Rxd7 Nxd7 24. Rd1 Ne5 25. Qd5 Qe6 26. Qb7 Qc6 27. Qxa7 Nf3+ 28. Kf1 Nxh2+ 29.
Ke1 Qh1+ 30. Ke2 Qf3+ 31. Ke1 Bxe3 0-1

[Event "*** Titled Tuesday Blitz"]
[Site "Chess.com"]
[Date "2020.11.03"]
[Round "4"]
[White "Ural_bogatyr"]
[Black "JiiHart"]
[Result "1-0"]
[WhiteElo "2384"]
[BlackElo "2086"]
[TimeControl "180+1"]
[EndTime "10:39:20 PST"]
[Termination "Ural_bogatyr won by resignation"]

1. e4 c5 2. Nf3 Nc6 3. Bb5 g6 4. O-O Bg7 5. c3 Nf6 6. Re1 O-O 7. d4 cxd4 8. cxd4 d5 9. exd5 Nxd5 10. Nc3 Bg4 11.
Be3 Rc8 12. h3 Bxf3 13. Qxf3 e6 14. Rad1 Nxc3 15. bxc3 a6 16. Ba4 Qa5 17. Bb3 Qxc3 18. d5 Ne5 19. Qe4 exd5 20. Bxd5 b5 21. Bd4 Qc2 22. Bxe5 Bxe5 23. Qxc2 Rxc2 24. Rxe5 1-0

[Event "*** Titled Tuesday Blitz"]
[Site "Chess.com"]
[Date "2020.11.03"]
[Round "4"]
[White "Karateloru"]
[Black "NeverW84M8"]
[Result "1-0"]
[WhiteElo "2706"]
[BlackElo "2487"]
[TimeControl "180+1"]
[EndTime "10:39:24 PST"]
[Termination "Karateloru won by resignation"]

1. Nf3 f5 2. c4 Nf6 3. Nc3 g6 4.
d4 Bg7 5. Bg5 O-O 6. Bxf6 Bxf6 7. e4 d6 8. Be2 e6 9. O-O c6 10. Qc2 Bg7 11. Rad1 f4 12. e5 d5 13. c5 Nd7 14.
Bd3 Rf7 15. h4 Nf8 16. Ng5 Rc7 17. Qe2 h6 18. Nf3 g5 19. hxg5 hxg5 20. Nh2 Bd7 21. Qg4 Be8 22. Nf3 Bh6 23. Ne2 Rg7 24. g3 Ng6 25. Kg2 Qe7 26. Rh1 Nh4+ 27. Kf1 Nxf3 28.
Rxh6 1-0

[Event "*** Titled Tuesday Blitz"]
[Site "Chess.com"]
[Date "2020.11.03"]
[Round "4"]
[White "JoachimMouhamad"]
[Black "Happy1712Drummer"]
[Result "1-0"]
[WhiteElo "2380"]
[BlackElo "2199"]
[TimeControl "180+1"]
[EndTime "10:39:25 PST"]
[Termination "JoachimMouhamad won by resignation"]

1. e4 c6 2. d4 d5 3. Nc3 dxe4 4. Nxe4 Nf6 5. Nxf6+ exf6 6. c3 Bd6 7. Bd3 h5 8.
Ne2 h4 9. Bf4 h3 10. g3 Bg4 11.
Qd2 Bf3 12. Qe3+ Qe7 13. Qxf3 Bxf4 14. Qxf4 g5 15. Qe3 Nd7 16. Qxe7+ Kxe7 17. Kd2 Kd6 18. f4 g4 19. Bf5 Nb6 20. b3 Rag8 21. Nc1 Rh5 22. Bc2 Nd7 23. Nd3 b6 24. Rae1 Rb5 25.
a4 Rh5 26. Re2 Rd5 27. Rhe1 c5 28. dxc5+ bxc5 29. Kc1 Rb8 30. Nb2 Kc7 31. Nc4 Rd8 32. Re7 Rf8 33. Be4 1-0

[Event "*** Titled Tuesday Blitz"]
[Site "Chess.com"]
[Date "2020.11.03"]
[Round "4"]
[White "bratkoo"]
[Black "vanea_03"]
[Result "0-1"]
[WhiteElo "2507"]
[BlackElo "2728"]
[TimeControl "180+1"]
[EndTime "10:39:28 PST"]
[Termination "vanea_03 won by resignation"]

1. e4 e5 2. Nf3 Nc6 3. Bc4 Nf6 4.
d3 Bc5 5. O-O a6 6. c3 O-O 7. d4 Ba7 8. dxe5 Nxe4 9. Bd3 d5 10.
exd6 Nxd6 11. Bxh7+ Kxh7 12. Ng5+ Kg6 13. h4 Bf5 14.
h5+ Kf6 15. Re1 Re8 16. Nh7+ Bxh7 17. Qf3+ Bf5 18. Bg5+ Kxg5 19. Qg3+ Kxh5 0-1

[Event "*** Titled Tuesday Blitz"]
[Site "Chess.com"]
[Date "2020.11.03"]
[Round "4"]
[White "davigator"]
[Black "rugbyclub"]
[Result "1-0"]
[WhiteElo "2367"]
[BlackElo "2195"]
[TimeControl "180+1"]
[EndTime "10:39:29 PST"]
[Termination "davigator won on time"]

1. e4 c5 2. Nf3 e6 3. d4 cxd4 4. Nxd4 Nc6 5. Nc3 Qc7 6. Be3 a6 7. a3 Nf6 8. f4 d6 9. Be2 b5 10.
Nxc6 Qxc6 11. Bf3 e5 12. O-O Bb7 13. Nd5 Nxd5 14. exd5 Qd7 15. b3 Be7 16. c4 bxc4 17. bxc4 Bf6 18. Rb1 1-0

[Event "*** Titled Tuesday Blitz"]
[Site "Chess.com"]
[Date "2020.11.03"]
[Round "4"]
[White "baki83"]
[Black "ArjunErigaisi2003"]
[Result "0-1"]
[WhiteElo "2796"]
[BlackElo "2993"]
[TimeControl "180+1"]
[EndTime "10:39:33 PST"]
[Termination "ArjunErigaisi2003 won by resignation"]

1. e4 c5 2. Nf3 d6 3. Bb5+ Nd7 4.
O-O a6 5. Bd3 Ngf6 6. Re1 g6 7.
c3 Bg7 8. Bc2 O-O 9. d4 e5 10.
Nbd2 b5 11. Nf1 Bb7 12. Ng3 exd4 13. cxd4 Re8 14. h3 cxd4 15. Nxd4 Nc5 16. f3 Rc8 17. Kh2 h5 18. Kh1 h4 19. Nf1 Nh5 20. Be3 d5 21. exd5 Qxd5 22. Bf2 Rxe1 23. Qxe1 Bxd4 0-1

[Event "*** Titled Tuesday Blitz"]
[Site "Chess.com"]
[Date "2020.11.03"]
[Round "4"]
[White "Karacsonyi_Gellert"]
[Black "Rital44"]
[Result "1-0"]
[WhiteElo "2670"]
[BlackElo "2478"]
[TimeControl "180+1"]
[EndTime "10:39:42 PST"]
[Termination "Karacsonyi_Gellert won by resignation"]

1. e4 e5 2. Nf3 Nc6 3. Bb5 a6 4. Bxc6 dxc6 5. O-O f6 6. d4 Bg4 7. dxe5 Qxd1 8. Rxd1 fxe5 9. Rd3 Bd6 10. Nbd2 Nf6 11. Nc4 O-O 12. Ncxe5 Rae8 13. Nxg4 Nxg4 14. h3 Nf6 15. e5 Bxe5 16. Nxe5 Rxe5 17. Bf4 Re7 18. Bg5 Re2 19. Rd2 Rfe8 20. Rad1 Re1+ 21. Kh2 R8e2 22. Bxf6 gxf6 23. Rd8+ Kf7 24. R1d7+ Kg6 25. Rg8+ Kf5 26.
Rxh7 Rxf2 27. Rh5+ Kf4 28. Rh4+ Kf5 29. Rh5+ Kf4 30. Rg4+ Ke3 31. Rc5 f5 32. Re5+ Kd2 33. Rd4+ 1-0

[Event "*** Titled Tuesday Blitz"]
[Site "Chess.com"]
[Date "2020.11.03"]
[Round "4"]
[White "BikingBrian"]
[Black "Frogo47"]
[Result "0-1"]
[WhiteElo "2274"]
[BlackElo "2447"]
[TimeControl "180+1"]
[EndTime "10:39:43 PST"]
[Termination "Frogo47 won by resignation"]

1. d4 Nf6 2. Bg5 d5 3. Nd2 c5 4.
Bxf6 gxf6 5. dxc5 e6 6. e4 Bxc5 7. Qh5 Qb6 8. O-O-O Bxf2 9. exd5 exd5 10. Qxd5 Be6 11.
Qb5+ Nc6 12. Ngf3 O-O 13. Qh5 Qa5 14. Qh6 Bf5 15. Nb3 Qc7 16. Qxf6 Qf4+ 17. Kb1 Bxc2+ 0-1